 Dungeon Crawl Stone Soup version 0.27.1-33-g824d729ab1 (webtiles) character file.

Game seed: 16621387841317831189

221 comborobin the Sneak (level 5, -2/43 (44) HPs)
             Began as a Demigod Delver on Dec 28, 2021.
             Slain by a gnoll (3 damage)
             ... on level 4 of the Dungeon.
             The game lasted 00:05:46 (3836 turns).

comborobin the Sneak (Demigod Delver)               Turns: 3836, Time: 00:05:47

HP:   -2/43 (44)    AC:  6    Str: 13    XL:     5   Next: 38%
MP:   7/7           EV: 12    Int: 12    God:
Gold: 108           SH:  0    Dex: 19    Spells: 4/4 levels left

rFire    . . .     SeeInvis .   a - +0 dagger (elec)
rCold    . . .     Faith    .   (no shield)
rNeg     + . .     Spirit   .   e - +2 leather armour
rPois    .         Reflect  .   (no helmet)
rElec    .         Harm     .   (no cloak)
rCorr    .         Rampage  .   (no gloves)
Will     .....                  n - +0 pair of boots
Stlth    +.........             (no amulet)
HPRegen  0.14/turn              k - ring of positive energy
MPRegen  0.10/turn              (no ring)

@: confused, lightly drained
A: high mp 1, forlorn
a: no special abilities


You were on level 4 of the Dungeon.
You visited 1 branch of the dungeon, and saw 6 of its levels.

You collected 108 gold pieces.

Inventory:

Hand Weapons
 a - a +0 dagger of electrocution (weapon)
 b - a +1 dagger of draining
 f - a +0 morningstar
 m - a +0 mace
Armour
 e - a +2 leather armour (worn)
 l - a +1 plate armour of willpower
 n - a +0 pair of boots (worn)
Jewellery
 k - a ring of positive energy (left hand)
Wands
 g - a wand of digging (3)
Scrolls
 c - a scroll of fog
 d - a scroll of magic mapping
 h - a scroll of identify
 i - a scroll of teleportation
 o - a scroll of enchant weapon {unknown}
 p - 2 scrolls of immolation {unknown}
 q - a scroll of silence {unknown}
Potions
 j - a potion of attraction


   Skills:
 + Level 2.8 Fighting
 + Level 3.2 Short Blades
 - Level 3.7 Maces & Flails
 - Level 2.3 Dodging
 - Level 4.5 Stealth


You had 4 spell levels left.
You didn't know any spells.
Your spell library contained the following spells:

 Spells                   Type           Power      Damage    Failure   Level
 Sting                    Tmut/Pois      0%         1d3       38%         1
 Ensorcelled Hibernation  Hex/Ice        0%         N/A       54%         2
 Poisonous Vapours        Pois/Air       0%         N/A       54%         2
 Spider Form              Tmut/Pois      0%         N/A       77%         3
 Olgreb's Toxic Radiance  Pois           0%         N/A       99%         4
 Shadow Creatures         Summ           N/A        N/A       100%        6


Dungeon Overview and Level Annotations

Branches:
Dungeon (6/15)             Temple (0/1) D:5

Annotations:
D:5 exclusion: ogre


Innate Abilities, Weirdness & Mutations

Your attributes grow dramatically as you level up.
You have an increased reservoir of magic. (+10% MP)
You shall have no god before yourself.


Message History

The orc hits you but does no damage. You partially resist.
The goblin shouts!
The orc wizard shouts!
The orc shouts!
You hear a shout!
The orc wizard barely misses you.
The orc wizard shouts!
The orc wizard casts a spell.
The orc wizard flickers and vanishes!
The orc wizard casts a spell.
The orc wizard flickers and vanishes!
You are confused.
You are too confused!
Unknown command.
Really quaff the potion of attraction? [Y]es or [N]o only, please.
Really quaff the potion of attraction?
Okay, then.
You bump into the rock wall.
The orc wizard casts a spell at you. You resist with some effort.
The orc shouts!
The orc wizard shouts!
The orc hits you with a +2 hand axe of draining.
* * * LOW HITPOINT WARNING * * *
You partially resist.
You feel drained. The gnoll hits you but does no damage.
The orc wizard hits you but does no damage.
You closely miss the orc wizard. The orc misses you.
The gnoll closely misses you. Something hits you but does no damage.
The orc wizard mumbles some strange words.
The orc wizard flickers and vanishes!
Unknown command.
The goblin misses you. The orc barely misses you.
The gnoll hits you with a +0 club.
* * * LOW HITPOINT WARNING * * *
Something hits you.
* * * LOW HITPOINT WARNING * * *
The orc wizard hits you but does no damage.
Unknown command.
Unknown command.
You miss the orc. The goblin closely misses you. The orc closely misses you.
The orc barely misses you. The gnoll hits you with a +0 club.
You die...

#..###......##..........
##....(.....#...........
##......................
###...o...................
###...o..{...........<......
#.......##..................
#####...###.................
######## ##..###oo...............
.......####.###g@................
...............go................
...............o................[
...............o.................
..........................
..........................
...............B..........
..........................
..........................


You could see an orc wizard, a gnoll, 4 orcs, a giant cockroach and a goblin.

Vanquished Creatures
  An iguana (D:3)
  A hound skeleton (D:5)
  2 gnolls (D:3)
  8 adders
  A white imp (D:3)
  3 adder skeletons
  A worm (D:2)
  13 orcs
  6 bats (D:2)
  3 endoplasms
  3 giant cockroaches (D:2)
  3 hobgoblins
  4 kobolds
  3 quokkas (D:2)
  4 ball pythons
  2 frilled lizards (D:3)
  3 goblins (D:2)
  A goblin skeleton (D:3)
  A goblin zombie (D:3)
  2 hobgoblin zombies (D:3)
  2 orc skeletons (D:3)
  An orc zombie (D:3)
  3 rats
71 creatures vanquished.

Vanquished Creatures (others)
  4 withered plants (D:2)
4 creatures vanquished.

Grand Total: 75 creatures vanquished

Notes
Turn   | Place    | Note
-------+----------+-------------------------------------------
     0 | D:5      | comborobin the Demigod Delver began the quest for the Orb.
     0 | D:5      | Reached XP level 1. HP: 18/18 MP: 3/3
     0 | D:5      | Found a staircase to the Ecumenical Temple.
   104 | D:5      | Reached XP level 2. HP: 22/25 MP: 4/4
   152 | D:5      | Noticed an ogre
   375 | D:4      | Reached XP level 3. HP: 25/30 MP: 5/5
  2029 | D:2      | Reached XP level 4. HP: 35/37 MP: 6/6
  2212 | D:2      | Reached skill level 1 in Short Blades
  2708 | D:3      | Reached XP level 5. HP: 23/42 MP: 7/7
  3793 | D:4      | HP: 1/44 [something (4)]
  3835 | D:4      | HP: 1/43 [something (3)]
  3836 | D:4      | Slain by a gnoll

Illustrated notes

Levels and vault maps discovered:
D:1:      dpeg_arrival_boxorama, layout_basic
D:2:      minmay_general_purpose_star, layout_basic,
          ebering_ecumenical_altar_petrified
D:3:      layout_basic, nicolae_tso_besieged_by_evil,
          mainiacjoe_overflow_tiny_flanked
D:4:      layout_layer_cave, nicolae_stop_n_shop_2, minmay_quantized
D:5:      layout_rooms, mainiacjoe_overflow_alcove_2, slow_altar_2,
          minmay_temple_entry_purple_smoke
D:6:      layout_gridville, grunt_ministairs_9

Skill      XL: |  1  2  3  4  5 |
---------------+----------------+-----
Maces & Flails | 2 3 |  3.7
Dodging        | 2 |  2.3
Short Blades   | 2 3 |  3.2
Fighting       | |  2.8
Stealth        | |  4.5

Action                   |  1- 3 |  4- 6 || total
-------------------------+-------+-------++-------
Melee: Mace              |    71 |       ||    71
       Morningstar       |    39 |       ||    39
       Dagger            |     7 |   105 ||   112
  Use: Scroll            |     5 |       ||     5
       Potion            |     2 |       ||     2
 Stab: Sleeping          |     6 |     6 ||    12
       Distracted        |       |     1 ||     1
Armor: Leather armour    |    48 |    31 ||    79
Dodge: Dodged            |   141 |    76 ||   217
